 Dungeon Crawl Stone Soup version 0.26-a0-597-gb535b0901c (webtiles) character file.

Game seed: 18339281108226351219

19166 Lugonue the Thaumaturge (level 12, 0/65 (66) HPs)
             Began as a Deep Elf Venom Mage on Sept 1, 2020.
             Was an Elder of Sif Muna.
             Slain by a skeletal warrior
             ... wielding a +0 halberd of freezing
              (33 damage)
             ... on level 13 of the Dungeon.
             The game lasted 00:34:17 (15425 turns).

Lugonue the Thaumaturge (Deep Elf Venom Mage)      Turns: 15425, Time: 00:34:18

HP:   0/65 (66)     AC:  7    Str:  5    XL:     12   Next: 34%
MP:   11/32         EV: 15    Int: 26    God:    Sif Muna [****..]
Gold: 403           SH: 10    Dex: 15    Spells: 14/40 levels left

rFire    . . .     SeeInvis .   c - +3 dagger (venom)
rCold    . . .     Faith    .   q - +2 buckler {reflect}
rNeg     . . .     Spirit   .   a - +0 robe
rPois    +         Reflect  +   g - +2 helmet
rElec    .         Harm     .   (no cloak)
rCorr    .                      B - +0 pair of gloves
MR       +....                  n - +0 pair of boots
Stlth    ++++......             y - amulet of reflection
HPRegen  0.20/turn              l - ring of wizardry
MPRegen  0.23/turn              u - ring of poison resistance

@: no status effects
A: no striking features
a: Channel Magic, Forget Spell, Divine Exegesis, Renounce Religion


You were on level 13 of the Dungeon.
You worshipped Sif Muna.
Sif Muna was greatly pleased with you.
You visited 2 branches of the dungeon, and saw 14 of its levels.

You collected 763 gold pieces.
You spent 360 gold pieces at shops.

Inventory:

Hand Weapons
 c - a +3 dagger of venom (weapon)
 d - a +0 rapier of holy wrath
 w - a +0 shortbow
Missiles
 h - 288 arrows
Armour
 a - a +0 robe (worn)
 g - a +2 helmet (worn)
 n - a +0 pair of boots (worn)
 q - a +2 buckler of reflection (worn)
 B - a +0 pair of gloves (worn)
Jewellery
 i - an uncursed amulet of the acrobat
 l - a ring of wizardry (left hand)
 u - a ring of poison resistance (right hand)
 y - an amulet of reflection (around neck)
 F - an uncursed ring of resist corrosion
 G - an uncursed ring of wizardry
 L - an uncursed ring of protection from fire {unknown}
Wands
 m - a wand of polymorph (27)
 t - a wand of digging (4)
 D - a wand of enslavement (8)
 E - a wand of random effects (17)
 H - a wand of paralysis (11)
 J - a wand of iceblast (8)
Scrolls
 b - 3 scrolls of identify
 e - 2 scrolls of fog
 k - 9 scrolls of remove curse
 o - a scroll of teleportation {unknown}
 s - a scroll of amnesia
 A - a scroll of magic mapping
 I - 2 scrolls of immolation
 M - a scroll of random uselessness {unknown}
Potions
 f - 5 potions of curing
 j - a potion of mutation
 p - 2 potions of might
 r - a potion of brilliance
 v - 3 potions of berserk rage
 x - a potion of ambrosia {unknown}
 z - a potion of resistance
 C - a potion of invisibility
 K - 2 potions of lignification


   Skills:
 * Level 4.0 Fighting
 + Level 4.9 Short Blades
 * Level 6.8 Dodging
 * Level 9.7 Stealth
 * Level 14.7 Spellcasting
 + Level 2.4 Conjurations
 + Level 5.5 Transmutations
 + Level 4.1 Fire Magic
 + Level 1.7 Air Magic
 + Level 4.4 Earth Magic
 - Level 10.0 Poison Magic
 * Level 4.1 Invocations
 + Level 0.1 Evocations


You had 14 spell levels left.
You knew the following spells:

 Your Spells              Type           Power        Failure   Level
a - Sting                 Tmut/Pois      ####         1%          1
b - Olgreb's Toxic Radia  Pois           ######..     1%          4
c - Ignite Poison         Fire/Tmut/Pois ######..     1%          3
d - Mephitic Cloud        Conj/Pois/Air  #####...     1%          3
e - Stone Arrow           Conj/Erth      #####.       1%          3
f - Petrify               Tmut/Erth      #####...     2%          4
g - Lee's Rapid Deconstr  Erth           #####.....   9%          5
h - Frozen Ramparts       Ice            ###...       6%          3

Your spell library contained the following spells:

 Spells                   Type           Power        Failure   Level
 Corona                   Hex            ###....      1%          1
 Magic Dart               Conj           ####         1%          1
 Sandblast                Erth           #####.       1%          1
 Passwall                 Tmut/Erth      #####...     1%          2
 Poisonous Vapours        Pois/Air       #####.       1%          2
 Searing Ray              Conj           ####..       1%          2
 Ensorcelled Hibernation  Hex/Ice        ###...       2%          2
 Dazzling Flash           Conj/Hex       ####..       3%          3
 Confusing Touch          Hex            ###.....     6%          3
 Summon Guardian Golem    Hex/Summ       ###.....     6%          3
 Tukima's Dance           Hex            ###.....     6%          3
 Fulminant Prism          Conj/Hex       ####......   12%         4
 Iskenderun's Mystic Bla  Conj/Tloc      ####....     12%         4
 Ozocubu's Refrigeration  Ice            ###.......   94%         6
 Malign Gateway           Summ/Tloc      ###.......   100%        7
 Monstrous Menagerie      Summ           ###.......   100%        7
 Summon Hydra             Summ           ###.......   100%        7


Dungeon Overview and Level Annotations

Branches:
Dungeon (13/15)            Temple (1/1) D:5             Orc (0/2) D:12
   Lair: D:8-11      Vaults: D:13-14

Altars:
Ashenzari
Cheibriados
Dithmenos
Elyvilon
Fedhas
Gozag
Hepliaklqana
Kikubaaqudgha
Nemelex Xobeh
Okawaru
Qazlal
Ru
Sif Muna
Trog
Uskayaw
Wu Jian
Xom
Yredelemnul
Zin
The Shining One

Shops:
D:6 =   D:12 (

Annotations:
D:3 2 transporters, p0werm0de's ghost, weakling MiFi


Message History

Okay, then.
Casting: Petrify (dangerous; 2% risk of failure)
Confirm with . or Enter, or press ? or * to list all spells.
Aiming: Lee's Rapid Deconstruction (dangerous; 9% risk of failure)
Press: ? - help, Dir - move target cursor, f - skeletal warrior Fragment what (e.g. wall or brittle monster)?: a skeletal warrior, wielding a +0 halberd of freezing (heavily damaged)
The skeletal warrior shatters!!
The skeletal warrior is severely damaged.
You block the skeletal warrior's attack.
Casting: Lee's Rapid Deconstruction (dangerous; 9% risk of failure)
Confirm with . or Enter, or press ? or * to list all spells.
Press: ? - help, Dir - move target cursor, p - skeletal warrior A rock wall.
The wall shatters!
The blast of rock fragments hits the skeletal warrior.
The skeletal warrior is almost destroyed.
Unknown command.
The skeletal warrior hits you from afar with a +0 halberd of freezing!!
Ouch! That really hurt!
You die...

#........#
####
#........#
...#
#........#
...#
#........#
...#
#........#
...#
#.###....#
...#
#........#
...#
#........#
...#
#..@.....#
...#
#........#
...#####+#
#.z#####.#
...#.....#
#..# #.#
...#..#..#
#..#####.#
...#.....#
#........#
...#.....#
#........#
...#.....#
#........#
...+.....#
#........#


You could see a skeletal warrior.

Vanquished Creatures
  Snorg (D:13)
  A centaur warrior (D:12)
  A two-headed ogre (D:12)
  A queen ant (D:10)
  A catoblepas (D:12)
  2 skeletal warriors (D:13)
  3 harpies (D:12)
  A manticore (D:12)
  An ugly thing (D:12)
  A hornet (D:10)
  2 trolls
  A hippogriff (D:7)
  A meliai zombie (D:12)
  A wyvern (D:13)
  4 wraiths (D:7)
  Eustachio (D:4)
  16 yaks
  3 basilisks (D:12)
  4 vampire mosquitoes (D:12)
  6 soldier ants (D:10)
  Duvessa (D:4)
  A water moccasin (D:9)
  4 ice beasts
  7 orc warriors
  A necrophage (D:13)
  A black bear (D:11)
  2 sky beasts
  2 phantoms
  6 ogres
  10 centaurs
  2 big kobolds
  A gnoll sergeant (D:6)
  4 bullfrogs
  Dowan (D:4)
  A wyvern skeleton (D:7)
  2 scorpions
  7 killer bees
  4 wights
  8 howler monkeys
  2 bullfrog zombies
  4 centaur zombies
  6 orc priests
  7 hounds
  7 jellies
  A quasit (D:9)
  4 human zombies (D:7)
  4 bullfrog skeletons
  A human skeleton (D:7)
  Natasha (D:3)
  8 iguanas
  Ijyb (D:3)
  24 worker ants
  9 orc wizards
  2 hound zombies
  A hound skeleton (D:4)
  3 mummies (D:7)
  A howler monkey zombie (D:11)
  3 worker ant zombies
  9 gnolls
  12 adders
  2 shadow imps
  An ufetubus (D:5)
  4 oozes
  2 adder zombies
  A worm (D:6)
  A dart slug (D:1)
  4 leopard geckos
  44 orcs
  5 giant cockroaches
  2 goblins (D:2)
  5 hobgoblins
  10 jackals
  11 kobolds
  2 quokkas
  2 ball pythons
  5 bats
  6 frilled lizards
  3 rats (D:3)
337 creatures vanquished.

Vanquished Creatures (others)
  2 plants (D:3)
  A withered plant (D:12)
3 creatures vanquished.

Grand Total: 340 creatures vanquished

Notes
Turn   | Place    | Note
-------+----------+-------------------------------------------
     0 | D:1      | Lugonue the Deep Elf Venom Mage began the quest for the
                  | Orb.
     0 | D:1      | Reached XP level 1. HP: 10/10 MP: 6/6
   395 | D:1      | Reached XP level 2. HP: 15/15 MP: 6/8
   462 | D:1      | Found an opulent altar of Gozag.
   464 | D:1      | Found an ornate altar of the Wu Jian Council.
   464 | D:1      | Found a white marble altar of Elyvilon.
   466 | D:1      | Found a shimmering altar of Xom.
   466 | D:1      | Found an ornate altar of the Wu Jian Council.
   466 | D:1      | Found a shimmering altar of Xom.
  2034 | D:3      | Noticed Natasha
  2047 | D:3      | Killed Natasha
  2047 | D:3      | Reached XP level 3. HP: 19/19 MP: 8/10
  2160 | D:3      | Found a transporter.
  2202 | D:3      | Noticed p0werm0de's ghost (weakling MiFi)
  2228 | D:3      | Found a transporter.
  2258 | D:3      | Noticed Ijyb
  2271 | D:3      | Killed Ijyb
  2271 | D:3      | Reached XP level 4. HP: 24/24 MP: 7/11
  2387 | D:3      | Found a hazy altar of Hepliaklqana.
  2440 | D:3      | You fall into a shaft and drop 1 floor!
  2571 | D:4      | Learned a level 4 spell: Olgreb's Toxic Radiance
  2586 | D:4      | Reached skill level 1 in Short Blades
  2586 | D:4      | Reached skill level 4 in Spellcasting
  2706 | D:4      | Noticed Eustachio
  2712 | D:4      | Learned a level 3 spell: Ignite Poison
  2718 | D:4      | Killed Eustachio
  2718 | D:4      | Reached XP level 5. HP: 22/28 MP: 4/13
  2718 | D:4      | Reached XP level 6. HP: 26/33 MP: 4/14
  2786 | D:4      | Noticed Duvessa
  2786 | D:4      | Noticed Dowan
  2791 | D:4      | Killed Duvessa
  2791 | D:4      | Killed Dowan
  2791 | D:4      | Reached skill level 5 in Spellcasting
  3073 | D:4      | Found a snail-covered altar of Cheibriados.
  3152 | D:4      | Reached XP level 7. HP: 35/37 MP: 14/17
  3157 | D:4      | Learned a level 3 spell: Mephitic Cloud
  3288 | D:4      | Reached skill level 5 in Poison Magic
  3295 | D:4      | Reached skill level 1 in Fighting
  4079 | D:4      | Reached skill level 6 in Spellcasting
  4156 | D:5      | Entered Level 5 of the Dungeon
  4891 | D:5      | Reached skill level 1 in Fire Magic
  5135 | D:5      | Reached skill level 5 in Stealth
  5135 | D:5      | Reached XP level 8. HP: 34/43 MP: 20/20
  5329 | D:5      | Found a shimmering blue altar of Sif Muna.
  5388 | D:5      | Found a staircase to the Ecumenical Temple.
  5593 | Temple   | Entered the Ecumenical Temple
  5817 | D:5      | Became a worshipper of Sif Muna the Loreminder
  5936 | D:6      | Reached skill level 7 in Spellcasting
  6548 | D:6      | Learned a level 3 spell: Stone Arrow
  6683 | D:6      | Found Okkorhe's Jewellery Shop.
  6706 | D:6      | Bought an uncursed amulet of reflection for 360 gold pieces
  6953 | D:6      | Reached skill level 8 in Spellcasting
  7184 | D:6      | Reached * piety under Sif Muna
  7308 | D:7      | Reached XP level 9. HP: 48/48 MP: 23/23
  7374 | D:7      | Reached skill level 9 in Spellcasting
  7592 | D:7      | Reached skill level 5 in Dodging
  8219 | D:7      | Found a basalt altar of Yredelemnul.
  8235 | D:7      | Reached skill level 1 in Earth Magic
  8362 | D:7      | Reached skill level 1 in Conjurations
  8821 | D:7      | You fall into a shaft and drop 1 floor!
  8914 | D:8      | Reached skill level 10 in Spellcasting
  9259 | D:8      | Reached ** piety under Sif Muna
  9810 | D:9      | Found an opulent altar of Gozag.
  9811 | D:9      | Found a sparkling altar of Nemelex Xobeh.
  9970 | D:9      | Reached XP level 10. HP: 54/54 MP: 15/26
 10245 | D:9      | Found a shadowy altar of Dithmenos.
 10661 | D:10     | Entered Level 10 of the Dungeon
 11205 | D:10     | Reached skill level 11 in Spellcasting
 11244 | D:10     | Reached *** piety under Sif Muna
 11692 | D:10     | Noticed a queen ant
 11697 | D:10     | Reached skill level 1 in Air Magic
 11701 | D:10     | Killed a queen ant
 11701 | D:10     | Reached skill level 12 in Spellcasting
 12050 | D:11     | Reached **** piety under Sif Muna
 12063 | D:11     | Identified the +4 hand axe of Peumnali {protect, *Corrode
                  | MR+ Str+3}
 12075 | D:11     | Learned a level 4 spell: Petrify
 12081 | D:11     | Learned a level 5 spell: Lee's Rapid Deconstruction
 12117 | D:11     | Reached XP level 11. HP: 42/59 MP: 18/29
 12198 | D:11     | Reached skill level 1 in Invocations
 12836 | D:12     | Noticed a red ugly thing
 12849 | D:12     | Killed a red ugly thing
 12967 | D:12     | Noticed a two-headed ogre
 12972 | D:12     | Killed a two-headed ogre
 12972 | D:12     | Reached skill level 5 in Transmutations
 13036 | D:12     | Reached skill level 13 in Spellcasting
 13270 | D:12     | Found a staircase to the Orcish Mines.
 13499 | D:12     | Noticed a centaur warrior
 13506 | D:12     | Killed a centaur warrior
 13781 | D:12     | Found Agunteolof's Weapon Shoppe.
 14008 | D:12     | Noticed a catoblepas
 14016 | D:12     | Noticed a harpy
 14017 | D:12     | Noticed a harpy
 14018 | D:12     | Noticed a harpy
 14019 | D:12     | Killed a catoblepas
 14030 | D:12     | Killed a harpy
 14030 | D:12     | Reached skill level 14 in Spellcasting
 14032 | D:12     | Killed a harpy
 14032 | D:12     | Reached XP level 12. HP: 29/64 MP: 3/32
 14434 | D:13     | Noticed Snorg
 14437 | D:13     | Reached ***** piety under Sif Muna
 14445 | D:13     | Killed Snorg
 14445 | D:13     | Reached skill level 10 in Poison Magic
 15195 | D:13     | Identified Sif Muna's Compendium of Companions and Cold
                  | (Sif Muna gifted it to you on level 13 of the Dungeon)
 15195 | D:13     | Received a gift from Sif Muna
 15206 | D:13     | Learned a level 3 spell: Frozen Ramparts
 15425 | D:13     | Slain by a skeletal warrior

Illustrated notes

Levels and vault maps discovered:
D:1:      wander_arrival_desolate, layout_rooms, kennysheep_flooded_box,
          doesnt_xom_only_xom
D:2:      layout_basic
D:3:      layout_rooms, grunt_temple_overflow_lords_of_destruction,
          lemuel_doored_altar, chequers_temple_overflow_statue_of_worship,
          serial_forest, infiniplex_forest_clump_C,
          infiniplex_forest_straight_2, infiniplex_forest_lined_2,
          infiniplex_forest_straight_4, gammafunk_ghost_arena, minmay_puff,
          uniq_ijyb, uniq_natasha
D:4:      layout_loops_corners, cheibriados_altar_1, uniq_eustachio,
          uniq_duvessa
D:5:      layout_basic, led_sif_pool, temple_doors_ab, cheibrodos_gnoll_hut
D:6:      layout_gridville, serial_shops, shop_coins, minmay_strange_pillars
D:7:      layout_basic, lemuel_mausoleum_altar_yredelemnul
D:8:      layout_loops_corners
D:9:      layout_roguey, grunt_temple_overflow_opulence, st_stairs_8,
          grunt_dithmenos_smoke_and_mirrors
D:10:     layout_basic, minmay_misc_feat_enclosed, st_stairs_1, minivault_26,
          minmay_another_anthill
D:11:     layout_basic, lair_entry_dummy, minmay_between
D:12:     layout_small_grid, david_orc_4, serial_shops, shop,
          argonaut_gorgonesque
D:13:     layout_stronghold, uniq_snorg
Temple:   minmay_temple_bridge_abc

Skill      XL: |  1  2  3  4  5  6  7  8  9 10 11 12 |
---------------+-------------------------------------+-----
Poison Magic   | 4 5 6 7 9 10 | 10.0
Dodging        | 3 4 5 6 |  6.8
Stealth        | 3 4 5 7 8 9 |  9.7
Short Blades   | 1 2 3 4 |  4.9
Spellcasting   | 4 5 6 8 10 12 14 | 14.7
Transmutations | 2 3 4 5 |  5.5
Fighting       | 1 2 3 4 |  4.0
Fire Magic     | 1 2 3 4 |  4.1
Earth Magic    | 2 4 |  4.4
Conjurations   | 2 |  2.4
Air Magic      | 1 |  1.7
Invocations    | 3 4 |  4.1
Evocations     | |  0.1

Action                   |  1- 3 |  4- 6 |  7- 9 | 10-12 || total
-------------------------+-------+-------+-------+-------++-------
Melee: Dagger            |    60 |    33 |   137 |    77 ||   307
       Rapier            |       |       |    52 |    44 ||    96
 Cast: Sting             |    24 |     6 |    20 |     6 ||    56
       Olgreb's Toxic Ra |       |     7 |    28 |    61 ||    96
       Ignite Poison     |       |     3 |    24 |    38 ||    65
       Stone Arrow       |       |       |    44 |    25 ||    69
       Mephitic Cloud    |       |       |     4 |    15 ||    19
       Lee's Rapid Decon |       |       |       |    27 ||    27
       Petrify           |       |       |       |    10 ||    10
Invok: Channel Magic     |       |       |       |     5 ||     5
Evoke: Wand              |       |       |     1 |     1 ||     2
  Use: Scroll            |     4 |       |     8 |     9 ||    21
       Potion            |       |       |     4 |     5 ||     9
 Stab: Sleeping          |     6 |     1 |    28 |    13 ||    48
       Petrified         |       |       |       |     5 ||     5
       Confused          |       |       |       |     2 ||     2
       Petrifying        |       |       |       |     2 ||     2
       Paralysed         |       |       |       |     1 ||     1
Armor: Robe              |    14 |     9 |    45 |    48 ||   116
Dodge: Dodged            |    51 |    24 |   137 |    89 ||   301
Block: Other             |       |       |    26 |    30 ||    56
       Reflection        |       |       |       |     2 ||     2
       Buckler           |       |       |       |     8 ||     8

Table legend: (Time is in decaauts)
 A = Elapsed time spent in this place.
 B = Non-inter-level travel time spent in this place.
 C = Inter-level travel time spent in this place.
 D = Time resting spent in this place.
 E = Time spent auto-exploring this place.
 F = Levels seen in this place.
 G = Mean time per level.
                   A        B        C        D        E       F      G
               +--------+--------+--------+--------+--------+-----+--------+
         Total |  15364 |  14885 |    479 |   1027 |  11494 |  14 | 1097.4 |
       Dungeon |  15160 |  14704 |    456 |   1027 |  11335 |  13 | 1166.2 |
        Temple |    203 |    180 |     23 |      0 |    159 |   1 |  203.0 |
               +--------+--------+--------+--------+--------+-----+--------+

Top non-repeatable levels by time:
     D:4: 2071 daAuts
    D:12: 1950 daAuts
     D:7: 1537 daAuts
     D:6: 1427 daAuts
    D:10: 1284 daAuts
     D:1: 1167 daAuts
     D:5: 1108 daAuts
     D:9: 918 daAuts
     D:8: 907 daAuts
     D:2: 850 daAuts
    D:11: 819 daAuts
    D:13: 685 daAuts
     D:3: 432 daAuts
  Temple: 203 daAuts
